← All builds
Tech / Armada / Economy first / OBSERVED BUILD

Standard tech

Armada Tech (Eco) build order · Supreme Isthmus

Rushes T2 by 4:15, gets Advanced Metal Extractor around 5:28, hands off T2 constructors to Geo and the team, then scales eco and supplies the team's T2 needs through the rest of the game.

Usually first T2 con to Geo (83%)

#eco #t2 #team support · 1591 distinct matches · 254 players · 60% of Armada Tech games · team won 53% of 1901 · Recently observed

HOW TO PLAY IT

Key timing: T2 factory by 4:15

  1. Open 3 mex and heavy wind to fund a fast T2 rush.
  2. Put down Bot Lab, planning to eat it for reclaim soon after.
  3. Get Advanced Bot Lab up, hitting the T2 factory rush timing.
  4. Upgrade mex to Advanced Metal Extractor to lock in team metal income.
  5. Eat Advanced Bot Lab and keep sending cons to Geo and Pond.

Phase by phase

TYPICAL OF ITS 1591 GAMES
  1. 1
  2. 2
  3. 3
  4. 4
PLAY THE OPENING

Follow the example game's first 6:00 step by step: what to build now, what comes next, and where it goes. At 1× it keeps pace with your own game.

  1. 1

    Up to the Bot Lab

    Economy
    • Metal Extractor3Mex
    • Wind Turbine4Wind
    Order
    1. Bot LabBot Lab after 3 mex, 4 winddone ~1:18, middle half 1:13–1:32

    Some games also: energy storage (31%)

    By 1:01 in all: 3 mex · 4 wind

    The example game in this phase · 3 steps
    1. Mex ×3
    2. Wind ×4
    3. Bot LabBot Labdone 1:18 · typical 1:18
  2. 2

    Bot Lab to Advanced Bot Lab

    Economy
    • Metal Extractor1Mex
    • Wind Turbine8Wind
    • Energy Storage1Energy storage
    Order
    1. Advanced Bot LabAdvanced Bot Lab after 4 mex, 12 wind, 3 con turretdone ~4:16, middle half 4:04–4:30
    Builders
    • Construction Turret3 Con turret
    • Lazarus3 Lazarus
    • Construction Bot2 Con bot
    • Construction Bot1 Con bot for allies

    Some games also: converter (36%)

    By 3:18 in all: 4 mex · 12 wind · 1 energy storage · 3 con turret

    The example game in this phase · 15 steps
    1. LazarusLazarus
    2. Wind
    3. Construction BotCon bot
    4. Construction BotCon botfor Air
    5. Wind
    6. LazarusLazarus
    7. Wind ×2
    8. Construction BotCon bot
    9. Energy storage
    10. Mex
    11. Wind ×2
    12. Con turret
    13. Wind
    14. Con turret
    15. Advanced Bot LabAdvanced Bot Labdone 4:02 · typical 4:16
  3. 3

    Advanced Bot Lab to 5:00

    Economy
    • Wind Turbine3Wind
    Order
    1. Bot LabEat Bot Lab
    Builders
    • Advanced Construction Bot1 T2 con bot for allies

    Some games also: converter (35%)

    By 5:00 in all: 4 mex · 15 wind · 1 converter · 1 energy storage · 3 con turret

    The example game in this phase · 4 steps
    1. Bot LabEat Bot Labreclaimed for its metal
    2. Advanced Construction BotT2 con botfor Geo
    3. Advanced Metal ExtractorT2 mexdone 5:02 · typical 5:28
    4. Advanced Construction BotT2 con botfor Air
  4. 4

    5:00 to 10:00

    Economy
    • Wind Turbine43Wind
    • Energy Converter6Converter
    Builders
    • Butler9 Butler
    • Advanced Construction Bot4 T2 con bot for allies
    • Advanced Construction Bot1 T2 con bot

    Some games also: con turret (43%) · Butler for allies (37%)

    By 10:00 in all: 4 mex · 58 wind · 8 converter · 1 energy storage · 3 con turret

    The example game in this phase · 188 steps
    1. Advanced Metal ExtractorT2 mex ×3
    2. FatboyFatboyfor Geodone 7:00
    3. Advanced Construction BotT2 con bot ×3for Pond
    4. Wind ×2
    5. ButlerButler
    6. Wind
    7. ButlerButler
    8. Wind
    9. ButlerButler
    10. Wind
    11. ButlerButler
    12. Wind
    13. ButlerButler
    14. Wind ×2
    15. Metal storage
    16. Wind
    17. ButlerButler
    18. Wind ×3
    19. ButlerButlerfor Beach sea
    20. Wind ×2
    21. ButlerButlerfor Beach sea
    22. Wind ×2
    23. ButlerButlerfor Geo sea
    24. Wind ×3
    25. ButlerButlerfor Geo sea
    26. Wind ×2
    27. ButlerButler
    28. Converter
    29. Wind ×3
    30. ButlerButler
    31. Converter
    32. Wind ×2
    33. ButlerButler
    34. Converter
    35. Wind ×2
    36. ButlerButler
    37. Wind
    38. Converter
    39. Wind
    40. ButlerButler
    41. Wind ×2
    42. Converter
    43. Wind
    44. ButlerButler
    45. Wind ×2
    46. Converter
    47. ButlerButler
    48. Wind ×2
    49. Converter
    50. Wind
    51. ButlerButler
    52. Wind ×4
    53. Converter
    54. ButlerButler
    55. Wind ×3
    56. ButlerButler
    57. Wind ×2
    58. Converter
    59. Wind ×4
    60. Converter
    61. Wind ×4
    62. ButlerButler
    63. Wind ×3
    64. Converter
    65. Wind
    66. UmbrellaAnti-nukedone 11:40
    67. Wind ×3
    68. Converter
    69. Wind ×5
    70. Converter
    71. Wind ×3
    72. Converter
    73. Wind ×3
    74. Converter
    75. Wind ×3
    76. Converter
    77. Wind ×3
    78. ButlerButler
    79. Wind ×2
    80. Converter
    81. Wind ×6
    82. Converter
    83. Wind ×2
    84. ButlerButler
    85. Wind ×4
    86. Converter
    87. Wind ×2
    88. ButlerButler
    89. Wind ×3
    90. Converter
    91. Wind ×3
    92. ButlerButler
    93. Wind ×4
    94. Converter
    95. Wind ×4
    96. Advanced Construction BotT2 con bot
    97. Wind ×3
    98. Converter
    99. Wind ×6
    100. Converter
    101. Wind ×5
    102. Converter
    103. Wind ×4
    104. Converter
    105. Wind ×2
    106. ButlerButler
    107. Wind
    108. Converter
    109. Wind ×2
    110. Converter
    111. Wind ×5
    112. Converter
    113. Wind
    114. Converter
    115. Wind ×4
    116. ButlerButler
    117. Converter
    118. Wind ×3
    119. Converter
    120. Wind ×5
    121. Converter
    122. Advanced Construction BotT2 con bot
    123. Converter
    124. Wind ×4
    125. Converter
    126. Wind ×4
    127. Converter
    128. Wind ×4
    129. Converter
    130. Con turret
    131. Wind ×2
    132. Converter
    133. Wind ×4
    134. Converter
    135. Wind
    136. Fusion ReactorFusionnot finished by 15:00
    137. Wind
    138. Converter
    139. Wind ×4
    140. Con turret
    141. Converter
    142. Wind ×3
    143. Converter
    144. Wind ×5
    145. Converter
    146. RattlesnakeRattlesnakenot finished by 15:00
    147. Converter
    148. Wind ×4
    149. Converter
    150. Wind ×4
    151. Converter
    152. Wind ×3
    153. Converter
    154. Wind ×3
    155. Advanced Bot LabEat Advanced Bot Labreclaimed for its metal
    156. Wind
    157. Converter
    158. Wind
    159. Con turret
    160. Wind ×2
    161. Converter
    162. Wind ×2
    163. Con turret
    164. Wind ×2
    165. Converter
    166. Wind ×2
    167. Converter
    168. Wind ×4
    169. Converter
    170. Wind ×2
    171. Converter
    172. Wind ×6
    173. Converter ×2
    174. Wind ×7
    175. Converter
    176. Wind
    177. Converter
    178. Wind ×4
    179. Converter
    180. Wind ×4
    181. Converter
    182. Wind ×4
    183. Converter
    184. Wind ×4
    185. Converter
    186. Wind ×2
    187. Converter
    188. Wind ×3

Counts are medians over the build's games: half of them build more, half fewer. The example game is BigRowan's (33 OS, 26/08/2026); pick another.

Team trades

IN AT LEAST 30% OF ITS GAMES

You hand over

  • Construction Bot1 Con bot to Airfirst at 2:23 · in 84% of games
  • Advanced Construction Bot5 T2 con bot to Air or Pond or Geo seafirst at 4:50 · in 99% of games
  • Butler2 Butler to Geo sea or Beach sea or Pondfirst at 9:06 · in 42% of games

You get

  • Hercules1 Light transport from Airfirst at 4:01 · in 86% of games

How it plays out

Typical game of this build, running totals by minute

Metal produced

020k40k
0:005:0010:0015:00

metal

Enemy metal destroyed

050100150
0:005:0010:0015:00

metal

Own metal lost

050100150
0:005:0010:0015:00

metal

1901 games.

Show as table
ByMetal produced: This buildEnemy metal destroyed: This buildOwn metal lost: This build
1:0038300
2:0091500
3:00165200
4:00314400
5:00484800
6:00580200
7:00723000
8:00906500
9:001117900
10:001352400
11:001624200
12:001965200
13:002342800
14:0027285074
15:0031507115130
WHAT THE NUMBERS SAY

Standard Tech play barely fights at all early, instead pouring metal into T2 infrastructure and constructors for the team.

  • + Metal produced hits 31679 by 15:00, by far the highest of any role here.
  • + T2 factory reached in 97% of games by 4:15, fastest and most reliable T2 timing.
  • − Enemy metal destroyed stays at 0 through 10:00, no early offense at all.
  • − Own metal lost also near 0, showing total avoidance of combat risk.
THE EXAMPLE YOU ARE READING

BigRowan

32.9 OS · 26/08/2026

Open source match ↗

3 received units
1334 metal received · 100020 energy received

Allied construction assistance is unknown. Timings are observations, not a promise of solo reproducibility.

Typical milestones

Bot Lab1:18Middle 50%: 1:13–1:32 · n=1901
Advanced Bot Lab4:16Middle 50%: 4:04–4:30 · n=1894
Advanced Metal Extractor5:28Middle 50%: 5:05–5:59 · n=1897

Played most by

Amrissa97games of this buildTheGeneraI70games of this buildAdeus57games of this buildEl_Turco55games of this buildKOT_45games of this build